FIQ, neutral male scurrid Tourist ------------------------- |.......................| |......rsl...Z....>.....| -......}}}}....?.%......- ...}}}..}}}}}}..........}}}}.... }}}....}}.}}}}....}}...}}}..}/..}}}}}F.}}}'...... |}}}}}}eB.....q.....}}}}}.}}}..P....}}}}}}}..........!.}}.... |}}}}}......?........}}..(.........[..}}...}.[.........}}...dd....!.}}}} ---------....ZZZ................--------- .}...e....}}}}..)....--------- |.......).f.............| ....}}}.}...d....| -........}}}}....}}.....- .......d....- ......}}}.........}}}.?... ...}}}..... ......}}}.......u.....}...}}. .}}}....}}}| }}..}}}.}}}}}}...q.....}}}..... }}}}}}| }..}}}....<...}}}i..}}}}.......... }}| ----.............o}}}oo...o--------- --- |.....v.......i..jo.o...| |..........k......o.o...| ------------------------- FIQ the Rambler Experience level: 1 Strength: 12 Dexterity: 15 Constitution: 13 Intelligence: 13 Wisdom: 7 Charisma: 15 Health: 0(9) Energy: 2(2) Def: 0 Gold: 715 Moves: 30 Dungeon seed: EkOP1nG7PHv6gVgo Game ID: FIQ_1498601842 Your Inventory: Coins $ - 715 gold pieces Weapons a - 51 uncursed +2 darts (in quiver) Armor e - an uncursed +0 Hawaiian shirt (being worn) Comestibles b - 3 uncursed tripe rations c - 4 uncursed food rations d - 2 uncursed eggs f - an uncursed orange Scrolls h - 4 uncursed scrolls of magic mapping Potions g - 2 uncursed potions of extra healing Wands k - an uncursed wand of secret door detection (0:11) Tools i - an uncursed expensive camera (0:58) j - an uncursed credit card l - an uncursed towel Spells and supernatural/magical abilities: Name Level Category Fail Memory W - pray for help -- divine ? -- Your skills at the end: Miscellaneous Skills wands [Basic] Weapon Skills dart [Basic] Spellcasting Skills Final Attributes: You were devoutly aligned. You had infravision. You were very stealthy. You are dead. Voluntary challenges: You went without food. You did not adorn yourself with jewelry or accessories. You did not cause conflict. You were not invisible. You did not have reflection. You were not displaced. You were an atheist. You never hit with a wielded weapon. You were a pacifist. You did not use tools. You did not use plumbed fixtures. You did not drink any magical draughts. You were illiterate. You never genocided any monsters. You never polymorphed an object. You never changed form. You used no wishes. You never split a pudding. You never wrote Elbereth's name. You never violated your personal moral code. Dungeon overview: The Dungeons of Doom: levels 1 to 13 Level 1 a long staircase Level 2 a long staircase Level 3 Level 4 Level 5 Level 6 Level 7 Level 8 Level 9 Level 10 Level 11 Level 12 Level 13 <- You were here History has recorded: On T:1 you entered the Dungeons of Doom to retrieve the Amulet of Yendor! On T:4 you reached level 2 of The Dungeons of Doom. On T:6 you reached level 3 of The Dungeons of Doom. On T:8 you reached level 4 of The Dungeons of Doom. On T:10 you reached level 5 of The Dungeons of Doom. On T:13 you reached level 6 of The Dungeons of Doom. On T:15 you reached level 7 of The Dungeons of Doom. On T:17 you reached level 8 of The Dungeons of Doom. On T:19 you reached level 9 of The Dungeons of Doom. On T:22 you reached level 10 of The Dungeons of Doom. On T:25 you reached level 11 of The Dungeons of Doom. On T:28 you reached level 12 of The Dungeons of Doom. On T:30 you reached level 13 of The Dungeons of Doom. Score breakdown: Gold: 0 ( 0 points) Experience: 1 level ( 0 points) Exploration: 13 levels ( 360 points) Discoveries: 0 items ( 0 points) Variety of kills: 0 monsters ( 0 points) Major goal: (nothing yet) ( 0 points) Survival: died (score multiplied by 3) Total score: 1080 Latest messages: You start chewing a hole in the rock. You continue digging. You make an opening in the wall. You have no weapon equipped. You start digging downward. You continue digging downward. You dig a pit in the floor. You continue digging downward. You dig a hole through the floor. You fall through... You start digging downward. You continue digging downward. You dig a pit in the floor. You continue digging downward. You dig a hole through the floor. You fall through... You start digging downward. You continue digging downward. You dig a pit in the floor. You continue digging downward. You dig a hole through the floor. You fall through... The hill orc picks up a scroll. The giant spider bites! The giant spider's bite was poisoned! You die... Final status: Aloha FIQ the Tourist, poisoned by a giant spider... You died in The Dungeons of Doom on dungeon level 13 with 1080 points, and 715 pieces of gold, after 30 moves. You were level 1 with a maximum of 9 hit points when you died.